 Dungeon Crawl Stone Soup version 0.31-a0-1074-g0b22e4e0f1 (webtiles) character file.

Game seed: 4524253448522918501

95033 dialectric the Impregnable (level 15, -3/150 HPs)
             Began as a Minotaur Fighter on Dec 4, 2023.
             Was a Believer of Jiyva.
             Shot with an arrow by a deep elf master archer (24 damage)
             ... in a wizard's laboratory.
             The game lasted 00:41:17 (18831 turns).

dialectric the Impregnable (Minotaur Fighter)      Turns: 18831, Time: 00:41:18

Health: -3/150     AC: 24    Str: 26    XL:     15   Next: 65%
Magic:  14/14      EV: 21    Int:  8    God:    Jiyva [**....]
Gold:   2284       SH:  0    Dex: 18    Spells: 14/14 levels left

rFire   . . .        w - +8 mace "Nytyed Axape" {vamp, Int+3}
rCold   . . .        (no shield)
rNeg    + . .        N - +6 scale mail of Grace {Regen+ Dex+3}
rPois   +            (helmet restricted)
rElec   .            R - +2 cloak {Will+}
rCorr   +            L - +0 pair of gloves of the Riding Gods {rPois Regen+ rCorr Str+3}
SInv    .            (no boots)
Will    ++...        G - amulet of the acrobat Stlth
                     A - +5 ring of evasion
HPRegen 3.01/turn    x - ring of positive energy
MPRegen 0.44/turn

%: acrobat
@: no status effects
A: horns 2, retaliatory headbutt
a: Renounce Religion


You were in a wizard's laboratory.
You worshipped Jiyva.
Jiyva was pleased with you.
You visited 4 branches of the dungeon, and saw 22 of its levels.
You also visited: Gauntlet and Wizlab.

You collected 2362 gold pieces.
You spent 78 gold pieces at shops.

Inventory:

Hand Weapons
 w - the +8 mace "Nytyed Axape" (weapon) {vamp, Int+3}
   (You took it off an orc on level 6 of the Dungeon)

   Int+3:     It affects your intelligence (+3).
 I - a +1 morningstar of protection
Missiles
 f - 30 poisoned darts
 Z - 5 curare-tipped darts
Armour
 c - a +1 buckler
 o - a +0 pair of boots
 u - an orb of guile
 L - the +0 pair of gloves of the Riding Gods (worn) {rPois Regen+ rCorr Str+3}
   (You found it on level 8 of the Dungeon)

   Str+3:     It affects your strength (+3).
   rPois:     It protects you from poison Regen+: It increases your rate of
   health regeneration.
   rCorr:     It protects you from acid and corrosion.
 N - the +6 scale mail of Grace (worn) {Regen+ Dex+3}
   (You found it on level 11 of the Dungeon)

   Dex+3:     It affects your dexterity (+3).
   Regen+:    It increases your rate of health regeneration.
 R - a +2 cloak of willpower (worn)
 V - the +0 pair of boots of the Fletcher {rF+ rC+ Int+6 Slay-6}
   (You found it in a Gauntlet)

   Int+6:     It affects your intelligence (+6).
   Slay-6:    It affects your accuracy & damage with ranged weapons and melee
   (-6).
   rF+:       It protects you from fire.
   rC+:       It protects you from cold.
Jewellery
 a - the ring "Pem Alit" {rN+ rCorr}
   (You found it on level 12 of the Dungeon)

   [ring of resist corrosion]

   rN+:       It protects you from negative energy.
   rCorr:     It protects you from acid and corrosion.
 d - a +6 ring of intelligence
 p - a ring of protection from cold
 v - a +6 ring of intelligence
 x - a ring of positive energy (right hand)
 y - a +4 ring of protection
 z - a +4 ring of slaying
 A - a +5 ring of evasion (left hand)
 B - the ring of Qubil {Fly rPois}
   (You found it on level 5 of the Lair of Beasts)

   [ring of flight]

   rPois:     It protects you from poison Fly: It grants you flight.
 G - an amulet of the acrobat (around neck)
 W - an amulet of magic regeneration
Wands
 k - a wand of flame (50)
 D - a wand of paralysis (35)
 E - a wand of digging (9)
 Q - a wand of iceblast (2)
 T - a wand of light (2)
 Y - a wand of mindburst (11)
Scrolls
 e - 4 scrolls of immolation
 g - a scroll of poison
 h - 2 scrolls of vulnerability
 i - 5 scrolls of identify
 j - 5 scrolls of teleportation
 l - 3 scrolls of enchant armour
 m - a scroll of brand weapon
 q - a scroll of torment
 s - 4 scrolls of enchant weapon
 t - 5 scrolls of fog
 F - a scroll of revelation
 H - 4 scrolls of fear
 J - 3 scrolls of summoning
Potions
 b - 5 potions of curing
 n - a potion of cancellation {unknown}
 r - 7 potions of heal wounds
 C - a potion of invisibility
 K - 3 potions of brilliance
 M - 3 potions of enlightenment
 S - 6 potions of lignification
 U - 2 potions of haste
 X - 3 potions of degeneration {unknown}
Miscellaneous
 P - a box of beasts (inert) (quivered)


   Skills:
 + Level 18.7 Fighting
 + Level 15.8 Maces & Flails
 + Level 22.4 Armour
 - Level 9.0 Dodging
 - Level 10.0 Shields


You had 14 spell levels left.
You didn't know any spells.
Your spell library contained the following spells:

 Spells                   Type           Power      Damage    Failure   Level
 Apportation              Tloc           0%         N/A       56%         1
 Magic Dart               Conj           0%         1d3       56%         1
 Necrotise                Necr           0%         1d4       56%         1
 Sandblast                Erth           0%         2d4       56%         1
 Shock                    Conj/Air       0%         1d3       56%         1
 Summon Small Mammal      Summ           0%         N/A       56%         1
 Call Imp                 Summ           0%         N/A       71%         2
 Cigotuvi's Dreadful Rot  Necr/Pois/Air  0%         N/A       71%         2
 Ensorcelled Hibernation  Hex/Ice        0%         N/A       71%         2
 Jinxbite                 Hex            0%         N/A       71%         2
 Passwall                 Tmut/Erth      0%         N/A       71%         2
 Static Discharge         Conj/Air       0%         3-3/arc   71%         2
 Dazzling Flash           Conj/Hex       0%         N/A       90%         3
 Ignite Poison            Fire/Tmut/Pois 0%         N/A       90%         3
 Inner Flame              Hex/Fire       0%         N/A       90%         3
 Mephitic Cloud           Conj/Pois/Air  0%         N/A       90%         3
 Stone Arrow              Conj/Erth      0%         3d7       90%         3
 Summon Guardian Golem    Hex/Summ       0%         N/A       90%         3
 Swiftness                Air            0%         N/A       90%         3
 Airstrike                Air            0%         2d(0-16)  100%        4
 Anguish                  Hex/Necr       0%         N/A       100%        4
 Animate Dead             Necr           0%         N/A       100%        4
 Brom's Barrelling Bould  Conj/Erth      0%         2d3       100%        4
 Dispel Undead            Necr           0%         3d6       100%        4
 Flame Wave               Conj/Fire      0%         2d4       100%        4
 Sticky Flame             Conj/Fire      0%         2d3       100%        4
 Summon Ice Beast         Ice/Summ       0%         N/A       100%        4
 Summon Lightning Spire   Summ/Air       0%         N/A       100%        4
 Agony                    Necr           0%         N/A       100%        5
 Silence                  Hex/Air        0%         N/A       100%        5
 Summon Forest            Summ/Tloc      0%         N/A       100%        5
 Yara's Violent Unravell  Hex/Tmut       0%         3d3       100%        5
 Death Channel            Necr           0%         N/A       100%        6
 Eringya's Noxious Bog    Tmut/Pois      0%         4d6       100%        6
 Haunt                    Necr/Summ      0%         N/A       100%        7
 Malign Gateway           Summ/Tloc      0%         N/A       100%        7
 Orb of Destruction       Conj           0%         9d5       100%        7
 Spellforged Servitor     Conj/Summ      0%         N/A       100%        7
 Summon Hydra             Summ           0%         N/A       100%        7
 Ignition                 Fire           0%         3d3       100%        8
 Infestation              Necr           0%         N/A       100%        8


Dungeon Overview and Level Annotations

Branches:
Dungeon (14/15)            Temple (0/1) D:6            Lair (5/5) D:9
  Swamp (0/4) Lair:2       Spider (0/4) Lair:2        Slime (0/5) Lair:5
    Orc (2/2) D:10            Elf (1/3) Orc:2        Vaults (0/5) D:13
 WizLab (1/1)             Gauntlet (visited)

Altars:
Ashenzari
Dithmenos
Fedhas
Sif Muna
Trog
Zin
Jiyva

Shops:
D:6 [   D:8 !   Orc:2 :[*(   Elf:1 [

Annotations:
D:10 Jorgrun
D:12 2 transporters, timneilson's ghost, journeyman GrFi
Lair:5 1 runed translucent door, Ewom's ghost, journeyman DEHW


Innate Abilities, Weirdness & Mutations

You have a pair of horns on your head.
You reflexively headbutt those who attack you in melee.


Message History

The shambling mangrove is almost destroyed.
The deep elf master archer shoots an arrow.
The arrow hits you!
You sock the shambling mangrove!
You destroy the shambling mangrove!
The deep elf master archer shoots an arrow.
The arrow barely misses you.
The deep elf master archer shoots an arrow.
The arrow completely misses you.
The deep elf master archer shoots an arrow.
The arrow hits you!
The deep elf master archer shoots an arrow.
The arrow hits you!
The deep elf master archer shoots an arrow.
The arrow completely misses you.
You sock the deep elf master archer!
You feel better.
Your headbutt misses the deep elf master archer.
The deep elf master archer is moderately wounded.
The deep elf master archer shoots an arrow.
The arrow closely misses you.
The deep elf master archer shoots an arrow.
The arrow hits you.
You hit the deep elf master archer.
You feel better.
You headbutt the deep elf master archer!
The deep elf master archer is heavily wounded.
The deep elf master archer shoots an arrow.
The arrow hits you!
You closely miss the deep elf master archer.
The deep elf master archer is heavily wounded.
The deep elf master archer shoots an arrow.
The arrow hits you!
* * * LOW HITPOINT WARNING * * *
You sock the deep elf master archer!
You feel better.
The deep elf master archer is heavily wounded.
The deep elf master archer shoots an arrow.
The arrow hits you!!
* * * LOW HITPOINT WARNING * * *
The deep elf master archer shoots an arrow.
The arrow hits you!!
You die...

♣♣ .. ...♣♣♣♣♣ .. ......♣♣♣
.. ........♣♣♣ ♣
♣........♣♣ ♣..∩...∩.♣♣
♣........♣♣ ♣♣e...♣.).♣♣
♣♣@..♣♣♣))P♣ ♣♣|..♣♣♣♣...♣
♣ ♣♣...♣♣♣♣...♣♣ ♣♣
♣♣...♣♣♣♣...♣♣
.♣♣♣♣♣♣♣♣♣♣♣...♣♣♣♣...♣♣♣
..♣♣...PP♣♣....♣♣...∩...♣♣
.......PP....♣♣#.........♣♣
♣.....⌠PP.)[♣♣#....♣⌠♣...)♣
........P....♣♣♣.........♣♣


You could see a deep elf master archer.

Vanquished Creatures
  A deep elf master archer (WizLab)
  A thorn hunter (WizLab)
  3 fenstrider witches (WizLab)
  A minotaur (Gauntlet)
  Azrael (D:13)
  Snorg (D:12)
  2 shambling mangroves (WizLab)
  An entropy weaver (shapeshifter) (D:13)
  Fannar (D:10)
  A vault guard (D:13)
  7 hydras
  4 satyrs (WizLab)
  4 boulder beetles
  4 centaur warriors
  8 two-headed ogres
  10 death yaks
  A tengu warrior (D:11)
  2 dancing weapons (Elf:1)
  A naga sharpshooter (WizLab)
  4 orc high priests
  Nergalle (D:11)
  Sonja (Lair:4)
  A skyshark (Lair:5)
  A lindwurm (Lair:5)
  An orc knight (Orc:1)
  Pikel (D:6)
  6 deep elf pyromancers
  An orc sorcerer (Orc:1)
  3 deep elf zephyrmancers (Elf:1)
  4 ugly things (D:14)
  3 oklob plants
  2 fauns (WizLab)
  4 cyclopes
  A salamander (shapeshifter) (D:13)
  9 elephants
  A moth of wrath (Gauntlet)
  3 black mambas
  3 unseen horrors
  11 cane toads
  A hellion (Gauntlet)
  2 torpor snails (Lair:5)
  Psyche (D:10)
  Jeremiah (D:6)
  A freezing wraith (D:13)
  7 komodo dragons
  3 kobold demonologists (D:10)
  3 rime drakes
  2 ice devils (Orc:2)
  A troll (shapeshifter) (D:13)
  9 hornets
  4 trolls
  Prince Ribbit (D:7)
  7 blink frogs
  Grinder (D:2)
  5 polar bears
  11 dream sheep
  3 shadows
  2 air elementals (Elf:1)
  A wraith (D:14)
  3 wyverns
  A human (shapeshifter) (D:14)
  41 yaks
  4 vampires (D:9)
  14 spriggans (Lair:5)
  2 redbacks (Gauntlet)
  3 basilisks
  3 fire elementals (D:13)
  8 vampire mosquitoes
  5 steam dragons
  A warg (Orc:2)
  3 acid dragons
  16 water moccasins
  2 hell hounds (D:13)
  20 orc warriors
  7 black bears
  29 wolves
  3 boggarts (Lair:5)
  3 ogres
  6 centaurs
  A lemure (D:6)
  2 phantoms (D:4)
  3 kobold brigands
  7 bullfrogs
  2 scorpions
  20 killer bees
  9 electric eels
  3 howler monkeys (D:10)
  3 lava snakes (Lair:5)
  21 orc priests
  5 jellies
  7 hounds
  A sleepcap (D:4)
  3 iguanas
  16 orc wizards
  4 gnolls
  7 adders
  A white imp (D:5)
  4 worms
  A dart slug (D:5)
  72 orcs
  12 ball pythons
  2 bats
  5 endoplasms
  8 goblins
  13 hobgoblins
  5 jackals
  2 quokkas
  18 kobolds
  4 rats
616 creatures vanquished.

Vanquished Creatures (others)
  A great orb of eyes (Elf:1)
  A boulder beetle (D:13)
  2 golden eyes (Elf:1)
  2 jellies (D:14)
  A lava snake (Lair:5)
  An orc priest (Orc:2)
  An orc wizard (Orc:2)
9 creatures vanquished.

Grand Total: 625 creatures vanquished

Notes
Turn   | Place    | Note
-------+----------+-------------------------------------------
     0 | D:1      | dialectric the Minotaur Fighter began the quest for the
                  | Orb.
     0 | D:1      | Reached XP level 1. HP: 19/19 MP: 0/0
    67 | D:1      | Reached XP level 2. HP: 27/27 MP: 1/1
   143 | D:1      | Reached skill level 1 in Dodging
   433 | D:1      | Reached skill level 4 in Armour
   711 | D:2      | Reached XP level 3. HP: 24/33 MP: 2/2
  1210 | D:3      | Noticed Grinder
  1267 | D:2      | Reached XP level 4. HP: 34/41 MP: 3/3
  1274 | D:2      | Found a broken altar of Ashenzari.
  1963 | D:4      | HP: 2/41 [endoplasm (3)]
  2002 | D:3      | Reached XP level 5. HP: 41/47 MP: 4/4
  2010 | D:4      | Noticed an ogre
  2236 | D:4      | Noticed a phantom
  2262 | D:4      | Killed a phantom
  2263 | D:4      | Reached skill level 5 in Fighting
  2263 | D:4      | Reached skill level 5 in Armour
  2274 | D:4      | Noticed a phantom
  2286 | D:4      | Killed a phantom
  2287 | D:4      | Reached XP level 6. HP: 24/56 MP: 5/5
  2742 | D:5      | Entered Level 5 of the Dungeon
  2750 | D:5      | Reached XP level 7. HP: 62/62 MP: 6/6
  2759 | D:5      | Reached skill level 5 in Maces & Flails
  3449 | D:5      | Reached skill level 6 in Armour
  3973 | D:6      | Found a glowing silver altar of Zin.
  4080 | D:6      | Noticed Jeremiah
  4095 | D:6      | Killed Jeremiah
  4096 | D:6      | Reached skill level 5 in Dodging
  4096 | D:6      | Reached XP level 8. HP: 27/71 MP: 7/7
  4245 | D:6      | Identified the +8 mace "Nytyed Axape" {vamp, Int+3}
  4267 | D:6      | Reached skill level 7 in Armour
  4534 | D:6      | Noticed Pikel
  4549 | D:6      | Killed Pikel
  4892 | D:6      | Found a staircase to the Ecumenical Temple.
  4932 | D:6      | Reached XP level 9. HP: 81/81 MP: 8/8
  5206 | D:6      | Found Piers Shonks's Dragon-Slaying Spoils.
  5621 | D:7      | Reached skill level 8 in Armour
  5621 | D:7      | Reached skill level 5 in Shields
  5826 | D:7      | Found a shadowy altar of Dithmenos.
  6287 | D:2      | Paralysed by Grinder for 4 turns
  6293 | D:2      | Killed Grinder
  6638 | D:8      | Noticed Prince Ribbit
  6761 | D:7      | Killed Prince Ribbit
  6773 | D:8      | Identified the +0 pair of gloves of the Riding Gods {rPois
                  | Regen+ rCorr Str+3}
  6943 | D:8      | Found Qonotu Zeitt's Distillery.
  6946 | D:8      | Bought a potion of curing for 39 gold pieces
  6946 | D:8      | Bought a potion of curing for 39 gold pieces
  6964 | D:8      | You fall into a shaft and drop 3 floors!
  6971 | D:11     | Noticed a kobold demonologist
  6971 | D:11     | Noticed a kobold demonologist
  6973 | D:11     | Noticed a soul eater
  6995 | D:11     | Reached skill level 9 in Armour
  6999 | D:11     | Identified the +6 scale mail of Grace {Regen+ Dex+3}
  7048 | D:11     | Reached XP level 10. HP: 86/91 MP: 9/9
  7081 | D:11     | Noticed a cyclops
  7093 | D:10     | Entered Level 10 of the Dungeon
  7115 | D:10     | Noticed a rust devil
  7141 | D:10     | Noticed Psyche
  7170 | D:10     | Killed Psyche
  7494 | D:10     | Reached skill level 10 in Fighting
  7504 | D:10     | Reached skill level 10 in Armour
  7696 | D:10     | Noticed Fannar
  7713 | D:10     | Killed Fannar
  7714 | D:10     | Reached skill level 10 in Maces & Flails
  7714 | D:10     | Reached XP level 11. HP: 99/99 MP: 10/10
  8050 | D:10     | Noticed a two-headed ogre
  8065 | D:10     | Killed a two-headed ogre
  8101 | D:10     | Found a staircase to the Orcish Mines.
  8124 | Orc:1    | Entered Level 1 of the Orcish Mines
  8304 | Orc:2    | Entered Level 2 of the Orcish Mines
  8305 | Orc:2    | Noticed Jorgrun
  8314 | Orc:2    | Reached skill level 11 in Armour
  8510 | D:11     | Noticed a soul eater
  8515 | D:10     | Noticed a sixfirhy
  8549 | D:11     | Noticed Nergalle
  8564 | D:11     | Killed Nergalle
  8575 | D:11     | Noticed a two-headed ogre
  8583 | D:11     | Killed a two-headed ogre
  8758 | D:11     | Reached skill level 10 in Shields
  9031 | D:9      | Noticed a two-headed ogre
  9046 | D:10     | Killed a two-headed ogre
  9047 | D:10     | Reached skill level 12 in Armour
  9325 | D:9      | Found a staircase to the Lair.
  9436 | D:9      | Noticed a deep elf pyromancer
  9467 | D:9      | Killed a deep elf pyromancer
  9623 | D:9      | Reached XP level 12. HP: 106/106 MP: 11/11
  9834 | D:9      | Got the Elucidation of Amalgamated Jinxing
 10311 | Orc:2    | Noticed an orc high priest
 10315 | Orc:2    | Noticed an orc high priest
 10395 | Orc:1    | Reached skill level 13 in Armour
 10422 | Orc:2    | Found a staircase to the Elven Halls.
 10512 | Orc:2    | Paralysed by an orc sorcerer for 3 turns
 10767 | Orc:1    | Killed an orc high priest
 10849 | Orc:2    | Reached skill level 14 in Armour
 10875 | Orc:2    | Noticed an orc high priest
 10884 | Orc:2    | Killed an orc high priest
 10962 | Orc:2    | Found Apriffaiti's Book Emporium.
 10962 | Orc:2    | Found Wuisum's Assorted Antiques.
 10963 | Orc:2    | Found Fet Pifos's Antique Weapon Shoppe.
 10970 | Orc:2    | Found Calaxym's Armour Emporium.
 11065 | Orc:2    | Noticed an orc high priest
 11128 | Orc:1    | Killed an orc high priest
 11151 | Orc:1    | Killed an orc high priest
 11152 | Orc:1    | Reached skill level 15 in Armour
 11347 | Lair:1   | Entered Level 1 of the Lair of Beasts
 11524 | Lair:1   | Found a glowing silver altar of Zin.
 11813 | Lair:1   | Reached skill level 16 in Armour
 11893 | Lair:2   | Reached XP level 13. HP: 119/119 MP: 12/12
 11973 | Lair:2   | Found a staircase to the Swamp.
 12181 | Lair:2   | Found a hole to the Spider Nest.
 12418 | D:12     | Reached skill level 17 in Armour
 12467 | D:12     | Noticed Snorg
 12481 | D:12     | Killed Snorg
 12514 | D:12     | Identified the ring "Pem Alit" {rN+ rCorr}
 12574 | D:12     | Found a transporter.
 12574 | D:12     | Found a transporter.
 12594 | D:12     | Noticed timneilson's ghost (journeyman GrFi)
 12596 | D:12     | Found a shimmering blue altar of Sif Muna.
 12635 | D:12     | Noticed an ettin
 12643 | D:12     | Found a bloodstained altar of Trog.
 12829 | D:13     | Reached skill level 18 in Armour
 12936 | D:13     | Found a gate to the Vaults.
 13072 | D:13     | Found a gate leading to a gauntlet.
 13079 | D:13     | Reached skill level 19 in Armour
 13079 | D:13     | Noticed Azrael
 13100 | Gauntlet | Entered a Gauntlet
 13100 | Gauntlet | Found a transporter.
 13100 | Gauntlet | Found a transporter.
 13112 | Gauntlet | Found a transporter.
 13124 | Gauntlet | Found a transporter.
 13141 | Gauntlet | Found a transporter.
 13141 | Gauntlet | Found a transporter.
 13145 | Gauntlet | Found a transporter.
 13145 | Gauntlet | Found a transporter.
 13147 | Gauntlet | Found a transporter.
 13196 | Gauntlet | Found the +5 Storm Queen's Shield {shock, Fly rElec}
 13211 | Gauntlet | Found a transporter.
 13299 | Gauntlet | Found a transporter.
 13302 | Gauntlet | Found a runed translucent door.
 13302 | Gauntlet | Found a runed translucent door.
 13308 | Gauntlet | Identified the +0 pair of boots of the Fletcher {rF+ rC+
                  | Int+6 Slay-6}
 13340 | Gauntlet | Found a transporter.
 13372 | Gauntlet | Found a transporter.
 13386 | Gauntlet | Noticed a minotaur
 13398 | Gauntlet | Killed a minotaur
 13493 | D:13     | Killed Azrael
 13995 | D:12     | Reached skill level 15 in Fighting
 14257 | Lair:3   | Found a blossoming altar of Fedhas.
 14493 | Lair:3   | Reached skill level 20 in Armour
 14493 | Lair:3   | Reached XP level 14. HP: 110/135 MP: 13/13
 14597 | Lair:4   | Noticed Sonja
 14699 | Lair:4   | Killed Sonja
 15504 | Lair:4   | You fall into a shaft and drop 1 floor!
 15504 | Lair:5   | Entered Level 5 of the Lair of Beasts
 15504 | Lair:5   | Noticed Ewom's ghost (journeyman DEHW)
 15504 | Lair:5   | Found a runed translucent door.
 15596 | Lair:5   | Reached skill level 21 in Armour
 15912 | Lair:5   | Identified the ring of Qubil {Fly rPois}
 16234 | Lair:5   | Found a viscous altar of Jiyva.
 16236 | Lair:5   | Found a staircase to the Slime Pits.
 16294 | Lair:5   | Reached XP level 15. HP: 138/148 MP: 14/14
 16939 | Lair:5   | Became a worshipper of Jiyva Jecsam the Shapeless
 17424 | D:14     | Reached * piety under Jiyva
 17577 | D:14     | Reached skill level 15 in Maces & Flails
 18267 | Elf:1    | Entered Level 1 of the Elven Halls
 18299 | Elf:1    | Reached skill level 22 in Armour
 18351 | Elf:1    | Found Viophib's Antique Armour Shop.
 18405 | Elf:1    | Found a magical portal.
 18414 | WizLab   | Entered Eringya's Formal Garden
 18414 | WizLab   | Reached ** piety under Jiyva
 18502 | WizLab   | Noticed a fenstrider witch
 18504 | WizLab   | Paralysed by a fenstrider witch for 4 turns
 18520 | WizLab   | Killed a fenstrider witch
 18597 | WizLab   | Noticed a deep elf master archer
 18636 | WizLab   | Killed a deep elf master archer
 18716 | WizLab   | Noticed a fenstrider witch
 18721 | WizLab   | Killed a fenstrider witch
 18741 | WizLab   | Noticed a fenstrider witch
 18755 | WizLab   | Killed a fenstrider witch
 18763 | WizLab   | Noticed a thorn hunter
 18782 | WizLab   | Killed a thorn hunter
 18811 | WizLab   | Noticed a deep elf master archer
 18831 | WizLab   | Shot with an arrow by a deep elf master archer

Illustrated notes

Levels and vault maps discovered:
D:1:      spicycebolla_arrival_ecumenical, layout_basic, serial_bayou_pond_b,
          minmay_cut_off
D:2:      layout_loops_ring, basic_altar
D:3:      layout_basic, uniq_grinder
D:4:      layout_cave_pools
D:5:      layout_loops_ring, serial_co_window_serial, co_window_paths_a,
          co_window_paths_b, co_window_paths_b, co_window_paths_a,
          co_window_of_opportunity_a, co_window_corner_b, co_window_corner_ca,
          co_window_broadway_b, co_window_unsneaky_path_e
D:6:      layout_basic, amcnicky_altar_gilded, minmay_temple_entry_offerings,
          grunt_ministairs_15, wad_floor_pattern_1, dk_noncrumbling_4,
          nicolae_shop_dragon_depot, uniq_pikel, uniq_jeremiah, uniq_duvessa
D:7:      layout_loops_corners, grunt_dithmenos_smoke_and_mirrors
D:8:      layout_rooms, serial_shops, nicolae_shop_tiny_real_fake_doors,
          uniq_prince_ribbit1
D:9:      layout_basic, erik_lair_island, serial_library,
          serial_library_hellmonk_secret_room,
          serial_library_regret_index_multi,
          serial_library_hellmonk_small_corner,
          serial_library_hellmonk_statue_hall,
          serial_library_regret_index_headful, serial_library_hellmonk_octagon,
          serial_library_hellmonk_small_corner,
          serial_library_hellmonk_reading_circle,
          serial_library_hellmonk_filled_rooms, special_room [special_room_orc],
          grunt_decor_one_mirror
D:10:     layout_loops_corners, david_orc_4, reono_crystal_passage,
          nrook_mini_vaults, uniq_psyche, uniq_fannar
D:11:     layout_basic, uniq_nergalle
D:12:     layout_big_octagon, gammafunk_ghost_wrathful_warriors,
          hellmonk_sif_muna_bookshelves, uniq_snorg
D:13:     layout_loops_ring, david_vaults_4, gauntlet_entry_generic,
          onia_ninara_dug_in_and_dangerous, uniq_azrael
D:14:     layout_basic, dreamdust_mushroom_princess
Lair:1:   layout_roguey, basic_altar, grunt_megastairs_5,
          infiniplex_staircase_pool
Lair:2:   layout_cave_shapes, swamp_mist_pool,
          nicolae_spider_entry_orb_guardian, grunt_megastairs_4,
          serial_bayou_shore_a, uniq_harold
Lair:3:   layout_gridlike, hangedman_tree_tricks, serial_bayou_shore_b
Lair:4:   layout_layer_cave, chequers_serial_rivers_small_b, uniq_sonja
Lair:5:   minmay_lair_end_enchanted_forest, layout_cellular_growth,
          slime_entry_1, hellmonk_ghost_happy_afterlife,
          nicolae_lair_liquid_snakes
Orc:1:    layout_caves, nicolae_orc_crystal_geode
Orc:2:    st_orc_mages, layout_diamond_mine, portal_ice_cave_demonic_guard,
          uniq_jorgrun
Elf:1:    layout_rooms, mu_enter_wizlab_5, serial_shops, shop,
          serial_hangedman_research, hangedman_research_toxicology,
          hangedman_research_probablistics, hangedman_research_quantum,
          hangedman_research_metamorphosis, hangedman_corner_corridor,
          nicolae_shop_gadgets
WizLab:   wizlab_eringya

Skill      XL: |  1  2  3  4  5  6  7  8  9 10 11 12 13 14 15 |
---------------+----------------------------------------------+-----
Dodging        | 1 2 3 5 6 7 8 9 |  9.0
Armour         | 4 5 6 7 9 10 12 16 20 21 22 | 22.4
Fighting       | 4 5 6 7 9 10 12 15 17 18 | 18.7
Maces & Flails | 3 4 6 7 8 10 13 14 15 | 15.8
Shields        | 4 6 8 10 | 10.0

Action                     |  1- 3 |  4- 6 |  7- 9 | 10-12 | 13-15 || total
---------------------------+-------+-------+-------+-------+-------++-------
  Melee: Flail             |    82 |   102 |    58 |       |       ||   242
         Headbutt          |    13 |    22 |    37 |   160 |   354 ||   586
         Punch             |     1 |     1 |     2 |     9 |    24 ||    37
         Trident           |       |       |    36 |       |       ||    36
         Mace              |       |       |   109 |   721 |  1178 ||  2008
  Throw: Dart              |       |     1 |       |     9 |     1 ||    11
  Evoke: Wand              |       |       |       |       |     2 ||     2
         Box of beasts     |       |       |       |       |     1 ||     1
    Use: Potion            |       |     4 |     1 |     3 |     1 ||     9
         Scroll            |       |       |     3 |    10 |     8 ||    21
   Stab: Invisible         |       |       |       |     4 |       ||     4
 Armour: Scale mail        |    73 |   116 |   130 |   457 |   736 ||  1512
         Steam dragon scal |       |       |    39 |       |       ||    39
  Dodge: Dodged            |    45 |    98 |   183 |   645 |  1194 ||  2165

Table legend: (Time is in decaauts)
 A = Elapsed time spent in this place.
 B = Non-inter-level travel time spent in this place.
 C = Inter-level travel time spent in this place.
 D = Time resting spent in this place.
 E = Time spent auto-exploring this place.
 F = Levels seen in this place.
 G = Mean time per level.
                   A        B        C        D        E       F      G
               +--------+--------+--------+--------+--------+-----+--------+
         Total |  18448 |  17287 |   1161 |    429 |  10821 |  24 |  768.7 |
       Dungeon |  12530 |  11693 |    837 |    381 |   8036 |  14 |  895.0 |
          Lair |   3666 |   3409 |    257 |      0 |   2026 |   5 |  733.2 |
  Orcish Mines |   1370 |   1303 |     67 |     48 |    615 |   2 |  685.0 |
   Elven Halls |    137 |    137 |      0 |      0 |     26 |   1 |  137.0 |
        Wizlab |    373 |    373 |      0 |      0 |     45 |   1 |  373.0 |
      Gauntlet |    369 |    369 |      0 |      0 |     73 |   1 |  369.0 |
               +--------+--------+--------+--------+--------+-----+--------+

Top non-repeatable levels by time:
    D:10: 1483 daAuts
     D:6: 1474 daAuts
  Lair:5: 1312 daAuts
     D:5: 1225 daAuts
     D:9: 1044 daAuts
     D:7: 1014 daAuts
    D:11: 885 daAuts
    D:13: 880 daAuts
     D:3: 856 daAuts
  Lair:4: 850 daAuts
     D:2: 845 daAuts
   Orc:2: 717 daAuts
     D:1: 707 daAuts
     D:4: 691 daAuts
    D:14: 670 daAuts
